 Dungeon Crawl Stone Soup version 0.21.1-1-g345015f (webtiles) character file.

1474 relionnb the Covered (level 9, -3/68 HPs)
             Began as a Formicid Fighter on Mar 7, 2018.
             Was an Initiate of Okawaru.
             Splashed by an oklob plant's acid (8 damage)
             ... on level 6 of the Dungeon.
             The game lasted 00:59:22 (9034 turns).

relionnb the Covered (Formicid Fighter)             Turns: 9034, Time: 00:59:23

Health: -3/68      AC: 11    Str: 24    XL:     9   Next: 6%
Magic:  9/9        EV:  9    Int:  8    God:    Okawaru [......]
Gold:   381        SH: 11    Dex:  8    Spells: 8/8 levels left

rFire    + . .     SeeInvis +   j - +0 mace (protect)
rCold    . . .     Gourm    .   c - +1 shield
rNeg     . . .     Faith    .   w - +0 scale mail
rPois    .         Spirit   .   (helmet unavailable)
rElec    .         Reflect  .   (no cloak)
rCorr    .         Harm     .   (no gloves)
MR       .....                  (no boots)
Stlth    ..........             (no amulet)
HPRegen  0.00/turn              E - ring of protection from fire
MPRegen  0.11/turn              (no ring)

@: corroded, protection aura
A: permanent stasis, dig shafts and tunnels, four strong arms, antennae 3,
clumsy 1, inhibited regeneration, wild magic 1
a: Dig, Shaft Self, Renounce Religion


You were on level 6 of the Dungeon.
You worshipped Okawaru.
Okawaru was noncommittal.
You were hungry.

You visited 2 branches of the dungeon, and saw 7 of its levels.
You also visited: Ossuary.

You collected 381 gold pieces.

Inventory:

Hand Weapons
 a - a +0 war axe
 b - a +2 whip of draining
 d - a +0 shortbow
 e - a +1 hand axe of flaming
 h - a -3 spear
 j - a +0 mace of protection (weapon)
 v - a +0 hunting sling
 H - a +0 falchion
 Q - a +0 hunting sling
Missiles
 k - 92 bolts
 m - 230 stones
 o - 102 sling bullets
 s - 93 arrows
 t - 3 curare-tipped needles
 x - 20 poisoned needles
 R - 8 tomahawks (quivered)
Armour
 c - a +1 shield (worn)
 p - a +0 plate armour
 u - a +0 ring mail
 w - a +0 scale mail (worn)
 I - a +0 pair of gloves
 J - a +0 pair of gloves
Jewellery
 E - a ring of protection from fire (left hand)
Wands
 r - a wand of acid (7)
 G - a wand of disintegration (18)
Scrolls
 g - 2 scrolls of remove curse
 y - 8 scrolls of teleportation
 A - 10 scrolls of identify
 C - a scroll of enchant weapon
 M - a scroll of fear
Potions
 i - 3 potions of agility
 n - a potion of ambrosia
 q - a potion of mutation
 z - 4 potions of magic
 D - a potion of flight
 K - 3 potions of lignification
 O - a potion of heal wounds
Books
 F - a book of Callings

   Spells                             Type                      Level
   a - Summon Small Mammal            Summoning                    1
   b - Call Imp                       Summoning                    2
   c - Call Canine Familiar           Summoning                    3
   d - Summon Guardian Golem          Hexes/Summoning              3
   e - Summon Lightning Spire         Summoning/Air                4
   f - Summon Ice Beast               Ice/Summoning                4
 N - a book of Maledictions

   Spells                             Type                      Level
   a - Corona                         Hexes                        1
   b - Ensorcelled Hibernation        Hexes/Ice                    2
   c - Confuse                        Hexes                        3
   d - Tukima's Dance                 Hexes                        3
   e - Dazzling Spray                 Conjuration/Hexes            3
Miscellaneous
 L - a crystal ball of energy
Comestibles
 f - 7 rations


   Skills:
 * Level 5.4 Fighting
 + Level 4.2(5.0) Axes
 + Level 4.0(4.9) Maces & Flails
 + Level 0.3 Bows
 + Level 1.1 Throwing
 * Level 7.7 Armour
 + Level 1.8 Dodging
 + Level 0.3 Stealth
 + Level 5.8 Shields


You had 8 spell levels left.
You didn't know any spells.

Dungeon Overview and Level Annotations

Branches:
Dungeon (6/15)             Temple (1/1) D:6

Altars:
Cheibriados
Dithmenos
Fedhas
Hepliaklqana
Kikubaaqudgha
Makhleb
Nemelex Xobeh
Okawaru
Qazlal
Ru
Sif Muna
Trog
Uskayaw
Wu Jian
Yredelemnul
Zin

Annotations:
D:6 exclusion: oklob plant


Innate Abilities, Weirdness & Mutations

You cannot be hasted, slowed, berserked, paralysed or teleported.
You can dig through walls and to a lower floor.
Your four strong arms can wield two-handed weapons with a shield.
You have a pair of large antennae on your head. (SInv)
You are clumsy. (Dex -2)
You do not regenerate when monsters are visible.
Your spells are a little harder to cast, but a little more powerful.


Message History

You sock the oklob plant!
The oklob plant is lightly damaged.
You hit the oklob plant.
The oklob plant is lightly damaged.
The fungus is no longer covered in acid.
You hit the oklob plant.
The oklob plant is moderately damaged.
You hit the oklob plant but do no damage.
The oklob plant is moderately damaged.
The oklob plant spits acid at you. The splash of acid hits you!
You are splashed with acid!
The acid burns!
The oklob plant spits acid at you. The splash of acid hits you!
The acid corrodes you!
You are splashed with acid!
The acid burns!
* * * LOW HITPOINT WARNING * * *
The oklob plant spits acid at you. The splash of acid hits you!
* * * LOW HITPOINT WARNING * * *
The acid corrodes you!
You are splashed with acid!
The acid burns!
You die... .#.......# #.##.# #.# #... .........# #.##.## #.# #... ......#..########.....# #.# #... ....>...........##.##.# #.# #### ....####.######.##.##.# #.# ### #####################.# #.# #<# #PPPPPP#P#P#PPP.### #.# #.# #.# #P#PP#P#P#PPPPPP.P###.#

#.# #.# #P#PP.P.PP......@.PP#.#
#.# #.# #P#P#P##P#.P#PPP#..P#.#
#.# #.#
#.PPPP.......P#PP.PP#.###.####.#
#P.P#..≈≈≈≈≈..PPP.PP#.......##.#
#.PP..≈≈≈≈≈≈≈..PPPPP#####.#.##.#
#.P..≈≈≈≈≈≈≈≈≈..PP.P# #........#
#PP.≈≈≈≈≈≈≈≈≈≈≈.PPPP###.#.#.####
###.≈≈≈≈...≈≈≈≈.PPPP#.....#.#
....≈≈≈≈._.......P#P#.#.#.#.#####


You could see an oklob plant.

Vanquished Creatures
  A wyvern (D:4)
  The ghost of Mirai the Skirmisher, an amateur DrFi of Okawaru (D:3)
  A black bear (D:5)
  2 ogres
  A centaur (D:4)
  A water moccasin skeleton (D:5)
  A scorpion (D:5)
  2 crimson imps (D:5)
  A hound (D:5)
  A human zombie (Ossuary)
  2 jellies (D:6)
  An orc priest (D:3)
  2 orc wizards (D:4)
  2 bullfrog skeletons
  An iguana (D:6)
  2 worker ants (D:4)
  2 big kobold zombies (Ossuary)
  2 hound zombies (Ossuary)
  4 mummies (Ossuary)
  2 worker ant zombies
  4 gnolls (D:3)
  6 adders
  2 shadow imps (D:5)
  An ooze (D:3)
  9 worms
  2 adder zombies
  2 dart slugs
  4 leopard geckos
  16 orcs
  3 ball pythons
  3 giant cockroaches
  2 gnoll zombies (Ossuary)
  6 goblins
  11 hobgoblins
  7 jackals
  A quokka (D:5)
  4 bats
  4 frilled lizards
  A hobgoblin zombie (Ossuary)
  2 jackal zombies
  7 kobolds
  A kobold zombie (Ossuary)
  An orc zombie (Ossuary)
  10 rats
  2 bushes (D:6)
  4 plants
147 creatures vanquished.

Notes
Turn   | Place    | Note
-------+----------+-------------------------------------------
     0 | D:1      | relionnb the Formicid Fighter began the quest for the Orb.
     0 | D:1      | Reached XP level 1. HP: 18/18 MP: 1/1
   159 | D:1      | Reached XP level 2. HP: 22/24 MP: 2/2
   346 | D:1      | Reached XP level 3. HP: 29/29 MP: 3/3
  1093 | D:2      | Reached skill level 1 in Maces & Flails
  1101 | D:2      | Found a faded altar of an unknown god.
  1125 | D:2      | Reached XP level 4. HP: 30/36 MP: 4/4
  1280 | D:2      | Reached skill level 4 in Armour
  1962 | D:3      | Reached XP level 5. HP: 29/42 MP: 5/5
  2735 | D:3      | Noticed a moth of wrath
  2738 | D:3      | Found a bloodstained altar of Trog.
  2829 | D:3      | Found a shadowy altar of Dithmenos.
  2843 | D:3      | Noticed Mirai's ghost (amateur DrFi)
  2857 | D:3      | HP: 2/42 [Mirai's ghost (6)]
  2869 | D:3      | Killed Mirai's ghost
  2869 | D:3      | Reached skill level 5 in Armour
  2869 | D:3      | Reached XP level 6. HP: 36/48 MP: 6/6
  3030 | D:3      | Found a basalt altar of Yredelemnul.
  3468 | D:3      | Gained mutation: You do not regenerate when monsters are visible. [potion of mutation]
  3468 | D:3      | Gained mutation: You are clumsy. (Dex -2) [potion of mutation]
  3468 | D:3      | Gained mutation: Your spells are a little harder to cast, but a little more powerful. [potion of mutation]
  3751 | D:4      | Found a snail-covered altar of Cheibriados.
  3765 | D:4      | Noticed a wyvern
  3774 | D:4      | Killed a wyvern
  3774 | D:4      | Reached XP level 7. HP: 31/55 MP: 7/7
  4018 | D:4      | Reached skill level 1 in Dodging
  4043 | D:4      | Found a sand-covered staircase.
  4108 | Ossuary  | Entered an ossuary
  4133 | Ossuary  | Reached skill level 6 in Armour
  4935 | D:4      | Reached XP level 8. HP: 61/61 MP: 8/8
  4981 | D:4      | Reached skill level 5 in Shields
  5822 | D:4      | Found a deep blue altar of Sif Muna.
  5896 | D:5      | Entered Level 5 of the Dungeon
  5946 | D:5      | Reached skill level 7 in Armour
  6270 | D:5      | Reached skill level 5 in Fighting
  7103 | D:6      | Reached skill level 1 in Throwing
  7594 | D:6      | Found a staircase to the Ecumenical Temple.
  7605 | Temple   | Entered the Ecumenical Temple
  7906 | Temple   | Became a worshipper of Warmaster Okawaru
  8160 | D:6      | Reached XP level 9. HP: 61/68 MP: 9/9
  8207 | D:6      | Found a blossoming altar of Fedhas.
  8234 | D:6      | Noticed an oklob plant
  8681 | D:6      | Found a sparkling altar of Nemelex Xobeh.
  9034 | D:6      | Splashed by an oklob plant's acid

Skill      XL: |  1  2  3  4  5  6  7  8  9 |
---------------+----------------------------+-----
Maces & Flails | 1 2 3 4 |  4.0
Shields        | 4 5 |  5.8
Armour         | 4 5 6 7 |  7.7
Axes           | 3 4 |  4.2
Fighting       | 4 5 |  5.4
Dodging        | 1 |  1.8
Throwing       | 1 |  1.1
Bows           | |  0.3
Stealth        | |  0.3

Action                   |  1- 3 |  4- 6 |  7- 9 || total
-------------------------+-------+-------+-------++-------
Melee: War axe           |    24 |   114 |    76 ||   214
       Mace              |    83 |    68 |   457 ||   608
       Hand axe          |       |     6 |    46 ||    52
 Fire: Shortbow          |       |       |    16 ||    16
Throw: Tomahawk          |       |       |    14 ||    14
       Stone             |       |       |    10 ||    10
 Abil: Dig               |       |       |    13 ||    13
Evoke: Wand              |       |       |     1 ||     1
  Use: Potion            |       |     8 |     7 ||    15
       Scroll            |       |     8 |     4 ||    12
  Eat: Chunk             |     1 |     8 |     2 ||    11
       Ration            |       |     1 |     4 ||     5
Armor: Scale mail        |    63 |    77 |   119 ||   259
Dodge: Dodged            |    46 |    47 |   121 ||   214
Block: Shield            |    59 |    88 |   160 ||   307
